 Dungeon Crawl Stone Soup version 0.21.1-1-g345015f (webtiles) character file.

963 inc the Vexing (level 7, -5/31 HPs)
             Began as a Felid Enchanter on Feb 21, 2018.
             Was a Follower of Uskayaw.
             Shot with an arrow by a centaur (14 damage)
             ... on level 6 of the Dungeon.
             The game lasted 00:23:29 (7118 turns).

inc the Vexing (Felid Enchanter)                    Turns: 7118, Time: 00:23:30

Health: -5/31      AC:  2    Str:  4    XL:     7   Next: 92%
Magic:  11/11      EV: 20    Int: 23    God:    Uskayaw [*.....]
Gold:   259        SH:  0    Dex: 17    Spells: 4/10 levels left
                                        Lives:  0   Deaths: 2

rFire    . . .     SeeInvis +     - Unarmed
rCold    . . .     Gourm    .   (shield unavailable)
rNeg     . . .     Faith    .   (armour unavailable)
rPois    .         Spirit   .   (helmet unavailable)
rElec    .         Reflect  .   (cloak unavailable)
rCorr    .         Harm     .   (gloves unavailable)
MR       ++...                  (boots unavailable)
Stlth    +++.......             (no amulet)
HPRegen  0.10/turn              q - +5 ring of intelligence
MPRegen  0.12/turn              y - ring of protection from magic

@: quick
A: very small, no armour, no weapons or thrown items, stealth, claws 1, fangs 3,
see invisible, carnivore, speed 1, shaggy fur 2, slow metabolism 1, sharp paws
a: Stomp, Renounce Religion


You were on level 6 of the Dungeon.
You worshipped Uskayaw.
Uskayaw was noncommittal.
You were near starving.

You visited 1 branch of the dungeon, and saw 6 of its levels.
You also visited: Ossuary.

You collected 259 gold pieces.

Inventory:

Jewellery
 q - a +5 ring of intelligence (left paw)
 y - a ring of protection from magic (right paw)
Wands
 m - a wand of polymorph (16)
 B - a wand of acid (6)
 C - a wand of scattershot (7)
Scrolls
 d - 4 scrolls of identify
 g - 4 scrolls of fog {unknown}
 h - 2 scrolls of fear {unknown}
 k - 4 scrolls of remove curse {unknown}
 n - a scroll of random uselessness {unknown}
 o - 5 scrolls of teleportation {unknown}
 r - a scroll of enchant armour {unknown}
 s - 2 scrolls of blinking {unknown}
 v - a scroll of immolation {unknown}
 w - a scroll of vulnerability {unknown}
 x - a scroll of amnesia {unknown}
Potions
 c - 6 potions of curing
 e - 3 potions of invisibility
 f - 3 potions of heal wounds
 i - a potion of ambrosia
 j - 2 potions of might
 l - 2 potions of haste
 p - 4 potions of degeneration
 t - a potion of mutation
 u - 5 potions of agility {unknown}
 z - a potion of berserk rage {unknown}
 A - a potion of lignification {unknown}
Books
 a - a book of Maledictions

   Spells                             Type                      Level
   a - Corona                         Hexes                        1
   b - Ensorcelled Hibernation        Hexes/Ice                    2
   c - Confuse                        Hexes                        3
   d - Tukima's Dance                 Hexes                        3
   e - Dazzling Spray                 Conjuration/Hexes            3
Comestibles
 b - 16 rations


   Skills:
 - Level 3.1 Fighting
 - Level 5.2 Dodging
 - Level 4.0 Stealth
 - Level 6.4 Unarmed Combat
 - Level 2.0 Spellcasting
 + Level 7.5 Hexes
 * Level 4.8 Ice Magic
 - Level 4.5 Invocations


You had 4 spell levels left.
You knew the following spells:

 Your Spells              Type           Power        Failure   Level  Hunger
a - Corona                Hex            #####..      1%          1    #......
b - Ensorcelled Hibernat  Hex/Ice        ####..       1%          2    ##.....
c - Confuse               Hex            #####...     1%          3    ###....


Dungeon Overview and Level Annotations

Branches:
Dungeon (6/15)             Temple (0/1) D:5

Altars:
Gozag
Uskayaw
Wu Jian
Yredelemnul
Zin

Shops:
D:5 }%*(

Annotations:
D:4 Edmund; inmateoo's ghost, amateur FeWz


Innate Abilities, Weirdness & Mutations

You cannot wear armour.
You are incapable of wielding weapons or throwing items.
Your paws allow you to move quietly. (Stealth)
You have sharp claws.
You have razor-sharp teeth.
You have supernaturally acute eyesight. (SInv)
You are carnivorous and can eat meat at any time.
You cover ground quickly.
You are covered in thick fur. (AC +2)
You have a slow metabolism.
Your sharp claws are effective at attacking unaware monsters.


Message History

There is an open door here.
There is a stone staircase leading down here.
You climb downwards.
A centaur comes into view.
There is a stone staircase leading up here.
The centaur shouts!
You hear a howl!
The centaur wields a shortbow.
The centaur shoots an arrow.
The arrow hits you!
Found 6 gold pieces.
A howler monkey comes into view.
You see here an arrow.
The centaur shoots an arrow.
The arrow hits you!
* * * LOW HITPOINT WARNING * * *
Found a stone staircase leading down.
You see here an arrow.
The centaur shoots an arrow.
The arrow closely misses you.
You see here an arrow.
The centaur shoots an arrow.
The arrow closely misses you.
The centaur shoots an arrow.
The arrow closely misses you.
The centaur shoots an arrow.
The arrow hits you!
You die...

..$#...#.#
#..#...#.##
#.....h..>#
#.........
#........
#......
##...#####
#.c.((..(#
#.##.###@#
#.# #.# #.#
#.# ..# ...
#.# #.# ...
..# ... ###


You could see a centaur.

Vanquished Creatures
  A hippogriff (D:5)
  Sigmund (D:2)
  A sky beast (D:5)
  An ogre (D:5)
  10 scorpions (Ossuary)
  A hound (D:4)
  A centaur zombie (D:5)
  A human zombie (Ossuary)
  A gnoll shaman (D:4)
  6 orc priests
  4 orc wizards
  2 centaur skeletons (D:5)
  An iguana (D:4)
  A worker ant (D:5)
  4 big kobold zombies (Ossuary)
  A hound skeleton (D:4)
  3 mummies (Ossuary)
  3 gnolls (D:4)
  7 scorpion zombies (Ossuary)
  6 adders
  4 oozes
  2 worms (D:2)
  4 dart slugs
  3 leopard geckos
  11 orcs
  7 bats
  4 giant cockroaches
  9 goblins
  6 hobgoblins
  3 quokkas
  A ball python (D:1)
  4 frilled lizards
  3 gnoll zombies (Ossuary)
  3 hobgoblin zombies (Ossuary)
  A jackal skeleton (D:4)
  11 kobolds
  3 kobold zombies (Ossuary)
  2 leopard gecko skeletons
  An orc zombie (Ossuary)
  12 rats
  A spectral orc (D:5)
151 creatures vanquished.

Vanquished Creatures (others)
  A scorpion (Ossuary)
  A scorpion zombie (Ossuary)
2 creatures vanquished.

Grand Total: 153 creatures vanquished

Notes
Turn   | Place    | Note
-------+----------+-------------------------------------------
     0 | D:1      | inc the Felid Enchanter began the quest for the Orb.
     0 | D:1      | Reached XP level 1. HP: 7/7 MP: 4/4
   286 | D:1      | Reached XP level 2. HP: 11/11 MP: 6/6
   290 | D:1      | Learned a level 2 spell: Ensorcelled Hibernation
   970 | D:2      | Reached XP level 3. HP: 14/14 MP: 4/7
  1501 | D:2      | Found a hide-covered altar of Uskayaw.
  1599 | D:2      | Became a worshipper of Uskayaw the Reveler
  1642 | D:2      | Reached * piety under Uskayaw
  1675 | D:2      | Reached XP level 4. HP: 18/18 MP: 2/8
  1720 | D:2      | Noticed Sigmund
  1722 | D:2      | Reached ** piety under Uskayaw
  1724 | D:2      | Killed Sigmund
  1724 | D:2      | Reached skill level 5 in Unarmed Combat
  1724 | D:2      | Reached XP level 5. HP: 21/21 MP: 2/9
  1724 | D:2      | Reached *** piety under Uskayaw
  2224 | D:3      | Gained mutation: You are covered in thick fur. (AC +2) [Felid growth]
  2224 | D:3      | Reached XP level 6. HP: 24/24 MP: 5/10
  2756 | D:4      | Noticed inmateoo's ghost (amateur FeWz)
  2765 | D:4      | Learned a level 3 spell: Confuse
  2765 | D:4      | Noticed Edmund
  3273 | D:5      | Entered Level 5 of the Dungeon
  3313 | D:5      | Found a sand-covered staircase.
  3332 | D:5      | Reached skill level 1 in Fighting
  3544 | Ossuary  | Entered an ossuary
  3638 | Ossuary  | Reached **** piety under Uskayaw
  3645 | Ossuary  | Reached XP level 7. HP: 12/30 MP: 6/11
  4151 | Ossuary  | Reached skill level 5 in Dodging
  4414 | Ossuary  | Reached skill level 1 in Invocations
  4884 | Ossuary  | Reached XP level 8. HP: 33/34 MP: 1/12
  4979 | Ossuary  | Reached skill level 5 in Hexes
  5093 | D:5      | Found a staircase to the Ecumenical Temple.
  5101 | D:5      | HP: 1/34 [orc priest/divine providence (14)]
  5103 | D:5      | Killed from afar by an orc priest
  5104 | D:5      | Reached XP level 7. HP: -7/31 MP: 8/11
  5139 | D:5      | Reached skill level 1 in Ice Magic
  5210 | D:5      | Found a basalt altar of Yredelemnul.
  5223 | D:5      | Found Vineqeil's Antique Weapon Emporium.
  5293 | D:5      | Found Turoc's Assorted Antiques.
  5341 | D:5      | Reached skill level 6 in Hexes
  5359 | D:5      | Slain by a centaur zombie
  5360 | D:5      | Reached XP level 6. HP: 0/28 MP: 10/10
  5366 | D:5      | Found Jeskutug's Gadget Shoppe.
  5415 | D:5      | Found an ornate altar of the Wu Jian Council.
  5528 | D:5      | Found a glowing silver altar of Zin.
  5554 | D:5      | Reached XP level 7. HP: 31/31 MP: 11/11
  5601 | D:5      | Found Purait's Food Shoppe.
  5646 | D:5      | Noticed a hippogriff
  6412 | D:4      | Reached skill level 7 in Hexes
  6663 | D:4      | Found an opulent altar of Gozag.
  6765 | D:5      | Killed a hippogriff
  7118 | D:6      | Shot with an arrow by a centaur

Skill      XL: |  1  2  3  4  5  6  7  8 |
---------------+-------------------------+-----
Unarmed Combat | 2 3 5 6 |  6.4
Dodging        | 4 5 |  5.2
Fighting       | 2 3 |  3.1
Invocations    | 4 |  4.5
Hexes          | 7 5 |  7.5
Ice Magic      | 3 4 |  4.8
Stealth        | |  4.0
Spellcasting   | |  2.0

Action                   |  1- 3 |  4- 6 |  7- 9 || total
-------------------------+-------+-------+-------++-------
Melee: Unarmed           |   102 |   130 |   208 ||   440
       Bite              |     4 |     6 |    20 ||    30
       Punch             |       |     3 |     4 ||     7
 Cast: Ensorcelled Hiber |    19 |    28 |    51 ||    98
       Confuse           |       |     4 |    16 ||    20
Invok: Stomp             |       |     1 |     4 ||     5
       Line Pass         |       |       |     1 ||     1
  Use: Scroll            |       |       |     7 ||     7
       Potion            |       |       |     1 ||     1
 Stab: Sleeping          |    19 |    22 |    40 ||    81
       Distracted        |     1 |       |       ||     1
       Confused          |       |     5 |     8 ||    13
       Paralysed         |       |     2 |     2 ||     4
  Eat: Chunk             |     7 |     8 |     7 ||    22
Armor: Skin              |     5 |     8 |     6 ||    19
Dodge: Dodged            |    71 |    88 |   123 ||   282
